 Dungeon Crawl Stone Soup version 0.27.0-1-g7a089689b8 (webtiles) character file.

Game seed: 12643001956085725893

6 SnakkuSnakku7 the Skirmisher (level 1, 0/24 HPs)
             Began as an Ogre Delver on Aug 6, 2021.
             Slain by a quokka (3 damage)
             ... on level 1 of the Dungeon.
             The game lasted 00:01:08 (886 turns).

SnakkuSnakku7 the Skirmisher (Ogre Delver)           Turns: 886, Time: 00:01:09

Health: 0/24       AC:  3    Str: 15    XL:     1   Next: 90%
Magic:  1/1        EV:  9    Int: 11    God:
Gold:   6          SH:  0    Dex: 10    Spells: 0/0 levels left

rFire    . . .     SeeInvis .   a - +0 mace
rCold    . . .     Faith    .   (no shield)
rNeg     . . .     Spirit   .   b - +0 robe
rPois    .         Reflect  .   (helmet restricted)
rElec    .         Harm     .   (no cloak)
rCorr    .         Rampage  .   (gloves unavailable)
Will     .....                  (boots unavailable)
Stlth    ++........             (no amulet)
HPRegen  0.08/turn              (no ring)
MPRegen  0.07/turn              (no ring)

@: hasted, very quick
A: large, unfitting armour, tough skin 1
a: no special abilities


You were on level 1 of the Dungeon.
You visited 1 branch of the dungeon, and saw 5 of its levels.

You collected 6 gold pieces.

Inventory:

Hand Weapons
 a - a +0 mace (weapon)
Missiles
 h - 6 javelins (quivered)
Armour
 b - a +0 robe (worn)
Wands
 f - a wand of iceblast (6)
 g - a wand of digging (1)
Scrolls
 c - a scroll of fog
 d - 2 scrolls of magic mapping


   Skills:
 - Level 4.0 Fighting
 + Level 2.3 Maces & Flails
 - Level 1.7 Dodging
 - Level 3.7 Stealth


You couldn't memorise any spells.
You didn't know any spells.
Your spell library was empty.

Dungeon Overview and Level Annotations

Branches:
Dungeon (5/15)
 Temple: D:4-7

Altars:


Innate Abilities, Weirdness & Mutations

You are too large for most types of armour.
You have tough skin. (AC +1)


Message History

Press: ? - help, Shift-Dir - straight line A rock wall.
The rock shatters into small pieces.
The hobgoblin completely misses you.
Aiming: Dig
Press: ? - help, Shift-Dir - straight line A rock wall.
The rock shatters into small pieces.
A frilled lizard comes into view.
An endoplasm comes into view.
The frilled lizard hisses angrily.
A hobgoblin comes into view.
The frilled lizard bites you but does no damage.
The frilled lizard bites you but does no damage.
The endoplasm quivers.
Found a stone staircase leading up.
The hobgoblin shouts!
You hear a shout!
The endoplasm barely misses you.
There is a stone staircase leading up here.
You climb upwards.
A ball python, a quokka and an endoplasm come into view.
Found a club.
There is a stone staircase leading down here.
The endoplasm quivers.
You barely miss the quokka.
The quokka bites you but does no damage.
You closely miss the quokka.
The quokka twitches its whiskers.
The quokka closely misses you.
You barely miss the quokka.
The quokka bites you but does no damage.
You closely miss the quokka. The quokka barely misses you.
You hit the quokka.
The quokka is moderately wounded.
The endoplasm barely misses you. The quokka bites you.
* * * LOW HITPOINT WARNING * * *
You hit the quokka but do no damage.
The quokka is moderately wounded.
The quokka bites you.
You die...

..#####
##.....#
.......# ..S...
..... #..#
#.#####..######
#..r@J.>....)..
###############


You could see an endoplasm and a quokka.

Vanquished Creatures
  A ball python (D:3)
  A bat (D:2)
  An endoplasm (D:3)
  A hobgoblin (D:3)
  A rat (D:3)
5 creatures vanquished.

Notes
Turn   | Place    | Note
-------+----------+-------------------------------------------
     0 | D:5      | SnakkuSnakku7 the Ogre Delver began the quest for the Orb.
     0 | D:5      | Reached XP level 1. HP: 24/24 MP: 1/1
     7 | D:5      | Noticed an orc wizard
     7 | D:5      | Noticed an orc wizard
    15 | D:5      | Noticed a gnoll shaman
   386 | D:4      | HP: 1/24 [adder skeleton (3)]
   816 | D:2      | Noticed an ogre
   886 | D:1      | Slain by a quokka

Illustrated notes

Levels and vault maps discovered:
D:1:      scummos_arrival_gate, layout_basic,
          hangedman_abyss_or_decor_lesser_grid, minivault_27
D:2:      layout_basic
D:3:      layout_basic, minmay_bisected, uniq_grinder
D:4:      layout_layer_cave, trog_hazing_becter, minmay_box_of_dots,
          uniq_crazy_yiuf_cottage
D:5:      layout_layer_cave, mainiacjoe_overflow_catwalk,
          minmay_temple_entry_overgrown, kennysheep_minor_cross,
          uniq_blork_the_orc, uniq_sigmund, uniq_edmund

Skill      XL: |  1 |
---------------+----+-----
Maces & Flails | 2 |  2.3
Fighting       | |  4.0
Dodging        | |  1.7
Stealth        | |  3.7

Action                   || total
-------------------------++-------
Melee: Mace              ||    38
Evoke: Wand              ||     2
  Use: Potion            ||     2
       Scroll            ||     1
Armor: Robe              ||    25
Dodge: Dodged            ||    44
